 Dungeon Crawl Stone Soup version 0.31.0-9-g3a7656b989 (webtiles) character file.

Game seed: 9649942042927048513

150 EnegeticOcto the Ruffian (level 5, 53/53 HPs)
             Began as a Troll Monk on Jan 31, 2024.
             Quit the game on level 3 of the Dungeon.
             The game lasted 00:01:01 (1721 turns).

EnegeticOcto the Ruffian (Troll Monk)               Turns: 1721, Time: 00:01:02

Health: 53/53      AC:  4    Str: 19    XL:     5   Next: 10%
Magic:  4/4        EV: 10    Int:  6    God:
Gold:   221        SH:  0    Dex: 14    Spells: 4/4 levels left

rFire   . .          .
                       - Unarmed
rCold   . . .        c - orb {light}
rNeg    . . .        a - +0 robe
rPois   .            (helmet restricted)
rElec   .            (no cloak)
rCorr   .            (gloves unavailable)
SInv    .            (boots unavailable)
Will    .....        (no amulet)
Stlth   +            (no ring)
HPRegen 1.08/turn    (no ring)
MPRegen 0.09/turn

%: no passive effects
@: glowing
A: large, unfitting armour, claws 3, regeneration 1, shaggy fur 1, tough skin 1
a: no special abilities


You were on level 3 of the Dungeon.
You visited 1 branch of the dungeon, and saw 3 of its levels.

You collected 221 gold pieces.

Inventory:

Armour
 a - a +0 robe (worn)
 c - an orb of light (worn)
Jewellery
 f - a +6 ring of intelligence
   (You found it on level 1 of the Dungeon)
 g - a ring of fire
   (You found it on level 1 of the Dungeon)
 m - an amulet of reflection
   (You found it on level 2 of the Dungeon)
 s - a ring of willpower
   (You found it on level 3 of the Dungeon)
Scrolls
 e - 2 scrolls of blinking {unknown}
 i - a scroll of noise {unknown}
 j - a scroll of immolation {unknown}
 k - 2 scrolls of identify {unknown}
 o - a scroll of vulnerability {unknown}
 p - a scroll of teleportation {unknown}
 r - a scroll of butterflies {unknown}
Potions
 b - a potion of ambrosia
 d - a potion of curing {unknown}
 h - 2 potions of resistance {unknown}
 l - a potion of heal wounds {unknown}
 n - a potion of might {unknown}
 q - a potion of brilliance {unknown}
 t - a potion of degeneration {unknown}


   Skills:
 + Level 3.1 Fighting
 + Level 3.1 Dodging
 * Level 4.6 Unarmed Combat


You had 4 spell levels left.
You didn't know any spells.
Your spell library contained the following spells:

 Spells                   Type           Power      Damage    Failure   Level
 Necrotise                Necr           0%         1d4       45%         1
 Vampiric Draining        Necr           0%         2d6       83%         3
 Martyr's Knell           Necr/Summ      0%         N/A       99%         4
 Curse of Agony           Necr           0%         N/A       100%        5


Dungeon Overview and Level Annotations

Branches:
Dungeon (3/15) Zot: 16287

Altars:
Yredelemnul

Shops:
D:2 (   D:3 (


Innate Abilities, Weirdness & Mutations

You are too large for most types of armour.
You have claws for hands.
Your natural rate of healing is unusually fast.
You are covered in fur. (AC +1)
You have tough skin. (AC +1)


Message History

You kill the gnoll!
The gnoll hits you with a +0 flail.
You barely miss the gnoll.
The gnoll is heavily wounded.
The gnoll hits you with a +0 flail.
You scratch the gnoll.
The gnoll is severely wounded.
You claw the gnoll!
You kill the gnoll!
You have reached level 5!
You open the door.
There is an open door here.
Found 2 stones.
Found 4 stones.
Found a stone staircase leading down.
You now have 208 gold pieces (gained 6).
Found a stone staircase leading up.
A dart slug comes into view.
Found a scroll labelled KEARCH USKEM.
The dart slug launches a dart at you. The slug dart misses you.
A dart slug is nearby!
You claw the dart slug!
You kill the dart slug!
No target in view!
No target in view!
No target in view!
No target in view!
No target in view!
r - a scroll labelled KEARCH USKEM You now have 219 gold pieces (gained 11).
s - a ring of willpower You open the door.
There is an open door here.
As you open the door, it creaks loudly!
There is an open door here.
You open the door.
You see here a +0 club.
You open the door.
Found Liyn's Antique Weapon Boutique.
No target in view!
No target in view!
No target in view!
No target in view!
No target in view!
No target in view!
No target in view!
No target in view!
No target in view!
There is an open door here.
There is an entrance to Liyn's Antique Weapon Boutique here.
There is a dry fountain here.
You open the door.
There is an open door here.
A rat comes into view.
The rat squeaks loudly.
A rat is nearby!
A rat is nearby!
A rat is nearby!
A rat is nearby!
A rat is nearby!
Found 2 gold pieces.
A quokka comes into view.
You enter the shallow water.
Found an orange potion.
You barely miss the rat. You scratch the rat.
You kill the rat!
You completely miss the quokka. You barely miss the quokka.
The quokka twitches its whiskers.
The quokka bites you but does no damage.
You completely miss the quokka.
The quokka splashes around in the water.
You scratch the quokka but do no damage.
The quokka closely misses you.
You scratch the quokka.
You kill the quokka!
No target in view!
No target in view!
You now have 221 gold pieces (gained 2).
e - 2 scrolls labelled SOININ NASEE (gained 1)
There is a shaft here.
You open the door.
t - an orange potion As you open the door, it creaks loudly!
There is an open door here.
There is a fountain of clear blue water here.
There is an open door here.
There is a stone staircase leading down here.
Done exploring.
Done exploring.
No target in view!
No target in view!
No target in view!
No target in view!
No target in view!
No target in view!
No target in view!
Done exploring.
Are you sure you want to abandon this character and quit the game? (Confirm with "yes".)

.#.#.#.#.#.#..........#
#......
#.#.#.#.#.#.#.........#
#.....#
.#.#.#.#.#.#..........#
#.#....
.#.###.#.#.#.#...######
#.#.### )#.#
#.#.#.......# #.#.# #
.#.# #.#.#.#.#...#
#.#.# .#.#
#.#.#.#.#.#.# #.#.###
##.# #.#.#...#.#.#
#...... ...#
#.#..<....#@# #.#####
##.# #.#.#.#...#.# #.#
# ### #.#.#.###.#.# ###
# #.#.#####.#.# #
#.†.......#.# #
###.#######.# #
#.........# #.#########
###


There were no monsters in sight!

Vanquished Creatures
  Terence (D:3)
  4 gnolls (D:3)
  2 adders
  5 dart slugs
  An orc (D:3)
  An endoplasm (D:1)
  3 giant cockroaches (D:2)
  7 goblins
  4 hobgoblins
  7 kobolds
  A quokka (D:3)
  7 ball pythons
  9 bats
  3 frilled lizards
  A rat (D:3)
56 creatures vanquished.

Notes
Turn   | Place    | Note
-------+----------+-------------------------------------------
     0 | D:1      | EnegeticOcto the Troll Monk began the quest for the Orb.
     0 | D:1      | Reached XP level 1. HP: 22/22 MP: 0/0
    72 | D:1      | Reached XP level 2. HP: 29/29 MP: 1/1
   472 | D:2      | Reached XP level 3. HP: 36/36 MP: 2/2
   535 | D:2      | Found Keroh's Weapon Emporium.
   787 | D:2      | Found a basalt altar of Yredelemnul.
   792 | D:2      | Reached skill level 4 in Unarmed Combat
   945 | D:3      | Reached XP level 4. HP: 42/44 MP: 3/3
  1015 | D:3      | Noticed Terence
  1021 | D:3      | Killed Terence
  1022 | D:3      | Reached skill level 3 in Fighting
  1022 | D:3      | Reached skill level 3 in Dodging
  1221 | D:3      | Reached XP level 5. HP: 22/53 MP: 4/4
  1474 | D:3      | Found Liyn's Antique Weapon Boutique.
  1721 | D:3      | Quit the game

Illustrated notes

Levels and vault maps discovered:
D:1:      dpeg_arrival_rooms_b, layout_rooms
D:2:      layout_basic, serial_shops, nicolae_shop_tiny_waterfront, basic_altar
D:3:      layout_basic, serial_shops, nicolae_shop_rolling_square,
          serial_park_tiny_pond, minivault_14, uniq_terence

Skill      XL: |  1  2  3  4 |
---------------+-------------+-----
Unarmed Combat | 4 |  4.6
Fighting       | 3 |  3.1
Dodging        | 3 |  3.1

Action                     |  1- 3 |  4- 6 || total
---------------------------+-------+-------++-------
  Melee: Unarmed           |    74 |    38 ||   112
 Armour: Robe              |    37 |    16 ||    53
  Dodge: Dodged            |    44 |    23 ||    67

Table legend:
 A = Kills in this place as a percentage of kills in the entire game.
 B = Kills by you in this place as a percentage of kills by you in the entire game.
 C = Kills by friends in this place as a percentage of kills by friends in the entire game.
 D = Other kills in this place as a percentage of other kills in the entire game.
 E = Experience gained in this place as a percentage of experience gained in the entire game.
 F = Experience gained in this place divided by the number of levels of this place that you have seen.
                   A       B       C       D       E      F
               +-------+-------+-------+-------+-------+----------------------
         Total | 100.0 | 100.0 |   N/A |   N/A | 100.0 |  71.7
       Dungeon | 100.0 | 100.0 |   N/A |   N/A | 100.0 |  71.7
               +-------+-------+-------+-------+-------+----------------------

Table legend: (Time is in decaauts)
 A = Elapsed time spent in this place.
 B = Non-inter-level travel time spent in this place.
 C = Inter-level travel time spent in this place.
 D = Time resting spent in this place.
 E = Time spent auto-exploring this place.
 F = Levels seen in this place.
 G = Mean time per level.
                   A        B        C        D        E       F      G
               +--------+--------+--------+--------+--------+-----+--------+
         Total |   1712 |   1681 |     31 |      0 |   1402 |   3 |  570.7 |
       Dungeon |   1712 |   1681 |     31 |      0 |   1402 |   3 |  570.7 |
               +--------+--------+--------+--------+--------+-----+--------+

Top non-repeatable levels by time:
     D:3: 811 daAuts
     D:1: 451 daAuts
     D:2: 448 daAuts
